 Dungeon Crawl Stone Soup version 0.30-a0-1082-g70414cbcbb (webtiles) character file.

Game seed: 14837524955513662127

478673 BubbleThief the Executioner (level 24, -4/243 HPs)
             Began as a Hill Orc Fighter on Apr 16, 2023.
             Was the Champion of Zin.
             Killed from afar by a purple draconian shifter (23 damage)
             ... with a bolt of dispelling energy
             ... led by a red draconian scorcher
             ... on level 1 of the Realm of Zot.
             The game lasted 01:48:15 (60552 turns).

BubbleThief the Executioner (Hill Orc Fighter)     Turns: 60552, Time: 01:48:16

Health: -4/243     AC: 34    Str: 35    XL:     24   Next: 49%
Magic:  35/35      EV:  8    Int:  8    God:    Zin [******]
Gold:   76         SH: 25    Dex: 12    Spells: 23/23 levels left

rFire   + + .      SeeInvis +    y - +7 consecrated labrys {holy, Valiant Fragile Fly SInv}
rCold   + + .      Faith    .    W - +0 tower shield
rNeg    + + +      Spirit   .    G - +2 plate armour {rPois}
rPois   +          Reflect  +    S - +2 helmet
rElec   .          Rampage  .    M - scarf {rC+ rF+}
rCorr   +                        O - +2 pair of gloves of the Armadillo {Drain rF+ Will++ Dex+2}
Will    +++..                    V - +1 pair of boots Stlth
                                 g - amulet of reflection
HPRegen 0.60/turn                x - ring of protection from cold
MPRegen 0.24/turn                N - ring "Sigec" {rN+++ rCorr Str+5 Stlth-}

@: flying, studying 2 skills
A: no striking features
}: 3/15 runes: barnacled, silver, gossamer
a: Renounce Religion, Recite, Vitalisation, Imprison, Sanctuary, Donate Gold


You were on level 1 of the Realm of Zot.
You worshipped Zin.
Zin was exalted by your worship.
You visited 8 branches of the dungeon, and saw 40 of its levels.
You also visited: Sewer.

You collected 5661 gold pieces.
You spent 5442 gold pieces at shops.
You donated 143 gold pieces to Zin.

Inventory:

Hand Weapons
 y - the +7 consecrated labrys (weapon) {holy, Valiant Fragile Fly SInv}
   (You acquired it on level 3 of the Lair of Beasts)

   Valiant:   It becomes more powerful as more dangerous foes come into view.
   SInv:      It lets you see invisible.
   Fly:       It grants you flight.
   Fragile:   It will be destroyed if unequipped.
Missiles
 P - 7 throwing nets (quivered)
Armour
 G - a +2 plate armour of poison resistance (worn)
 M - a scarf of resistance (worn)
 O - the +2 pair of gloves of the Armadillo (worn) {Drain rF+ Will++ Dex+2}
   (You bought it in a shop on level 4 of the Vaults)

   Dex:       It affects your dexterity (+2).
   rF:        It protects you from fire.
   Drain:     It drains your maximum health when unequipped.
   Will:      It greatly increases your willpower.
 S - a +2 helmet (worn)
 V - a +1 pair of boots (worn)
 W - a +0 tower shield (worn)
Jewellery
 g - an amulet of reflection (around neck)
 x - a ring of protection from cold (left hand)
 D - the ring of Biywu {Fly rF+ Will+}
   (You took it off a deep elf death mage on level 5 of the Vaults)

   [ring of flight]

   rF:        It protects you from fire.
   Fly:       It grants you flight.
   Will:      It increases your willpower.
 N - the ring "Sigec" (right hand) {rN+++ rCorr Str+5 Stlth-}
   (You bought it in a shop on level 4 of the Vaults)

   [ring of resist corrosion]

   Str:       It affects your strength (+5).
   rN:        It renders you almost immune to negative energy.
   rCorr:     It protects you from acid and corrosion.
   Stlth:     It makes you less stealthy.
Wands
 a - a wand of iceblast (39)
 c - a wand of quicksilver (22)
 t - a wand of digging (21)
Scrolls
 h - 7 scrolls of magic mapping
 i - 5 scrolls of poison
 m - 8 scrolls of enchant armour
 n - 22 scrolls of identify
 o - 10 scrolls of fog
 u - 22 scrolls of teleportation
 v - 15 scrolls of blinking
 C - 3 scrolls of enchant weapon
 H - 5 scrolls of amnesia
 I - 2 scrolls of summoning
 J - 4 scrolls of silence
 K - 6 scrolls of brand weapon
 L - 6 scrolls of fear
Potions
 b - 8 potions of resistance
 d - 10 potions of might
 e - 26 potions of curing
 f - 22 potions of heal wounds
 j - 6 potions of brilliance
 k - 10 potions of attraction
 l - 3 potions of cancellation
 p - 7 potions of berserk rage
 r - 6 potions of lignification
 s - 7 potions of flight
 z - 3 potions of invisibility
 A - 11 potions of mutation
 B - 13 potions of haste
 E - 4 potions of ambrosia
 F - 6 potions of magic
Miscellaneous
 q - a phantom mirror
 w - a lightning rod (4/4)
 Q - a condenser vane
 R - a box of beasts


   Skills:
 + Level 25.6 Fighting
 + Level 26.7 Axes
 + Level 25.3 Armour
 + Level 19.9 Shields
 + Level 17.7 Invocations


You had 23 spell levels left.
You didn't know any spells.
Your spell library contained the following spells:

 Spells                   Type           Power      Damage    Failure   Level
 Beastly Appendage        Tmut           0%         N/A       94%         1
 Foxfire                  Conj/Fire      0%         2x1d4     94%         1
 Kiss of Death            Conj/Necr      0%         2d5       94%         1
 Magic Dart               Conj           0%         1d3       94%         1
 Sandblast                Erth           0%         2d4       94%         1
 Shock                    Conj/Air       0%         1d3       94%         1
 Slow                     Hex            0%         N/A       94%         1
 Sting                    Tmut/Pois      0%         1d3       94%         1
 Blink                    Tloc           0%         N/A       98%         2
 Call Imp                 Summ           0%         N/A       98%         2
 Cigotuvi's Dreadful Rot  Necr/Pois/Air  0%         N/A       98%         2
 Ensorcelled Hibernation  Hex/Ice        0%         N/A       98%         2
 Passwall                 Tmut/Erth      0%         N/A       98%         2
 Poisonous Vapours        Pois/Air       0%         N/A       98%         2
 Confusing Touch          Hex            0%         N/A       100%        3
 Ignite Poison            Fire/Tmut/Pois 0%         N/A       100%        3
 Inner Flame              Hex/Fire       0%         N/A       100%        3
 Mephitic Cloud           Conj/Pois/Air  0%         N/A       100%        3
 Portal Projectile        Hex/Tloc       0%         N/A       100%        3
 Stone Arrow              Conj/Erth      0%         3d7       100%        3
 Swiftness                Air            0%         N/A       100%        3
 Tukima's Dance           Hex            0%         N/A       100%        3
 Vampiric Draining        Necr           0%         2d6       100%        3
 Vhi's Electric Charge    Tloc/Air       0%         N/A       100%        3
 Airstrike                Air            0%         2d(0-16)  100%        4
 Anguish                  Hex/Necr       0%         N/A       100%        4
 Dispel Undead            Necr           0%         3d6       100%        4
 Flame Wave               Conj/Fire      0%         2d4       100%        4
 Leda's Liquefaction      Hex/Erth       0%         N/A       100%        4
 Manifold Assault         Tloc           0%         N/A       100%        4
 Olgreb's Toxic Radiance  Pois           0%         N/A       100%        4
 Passage of Golubria      Tloc           0%         N/A       100%        4
 Sticky Flame             Conj/Fire      0%         2d3       100%        4
 Summon Ice Beast         Ice/Summ       0%         N/A       100%        4
 Arcjolt                  Conj/Air       0%         1d10      100%        5
 Blade Hands              Tmut           0%         N/A       100%        5
 Fireball                 Conj/Fire      0%         3d3       100%        5
 Freezing Cloud           Conj/Ice/Air   0%         6-21      100%        5
 Lee's Rapid Deconstruct  Erth           0%         3d4*      100%        5
 Silence                  Hex/Air        0%         N/A       100%        5
 Summon Forest            Summ/Tloc      0%         N/A       100%        5
 Summon Mana Viper        Hex/Summ       0%         N/A       100%        5
 Eringya's Noxious Bog    Tmut/Pois      0%         N/A       100%        6
 Plasma Beam              Fire/Air       0%         2x1d11    100%        6
 Statue Form              Tmut/Erth      0%         N/A       100%        6
 Summon Cactus Giant      Summ           0%         N/A       100%        6
 Dragon Form              Tmut           0%         N/A       100%        7
 Enfeeble                 Hex            0%         N/A       100%        7
 Monstrous Menagerie      Summ           0%         N/A       100%        7
 Storm Form               Tmut/Air       0%         N/A       100%        7
 Summon Hydra             Summ           0%         N/A       100%        7
 Discord                  Hex            0%         N/A       100%        8
 Ignition                 Fire           0%         3d3       100%        8
 Lehudib's Crystal Spear  Conj/Erth      0%         10d2      100%        8
 Chain Lightning          Conj/Air       0%         N/A       100%        9


Dungeon Overview and Level Annotations

Branches:
Dungeon (15/15)            Temple (0/1) D:6            Lair (5/5) D:10
 Shoals (4/4) Lair:2       Spider (4/4) Lair:2        Slime (0/5) Lair:4
    Orc (2/2) D:10            Elf (0/3) Orc:2        Vaults (5/5) D:13
  Crypt (0/3) Vaults:2     Depths (4/4) D:15            Zot (1/5) Depths:4
  Sewer (visited)

Altars:
Ashenzari
Elyvilon
Hepliaklqana
Kikubaaqudgha
Makhleb
Nemelex Xobeh
Okawaru
Qazlal
Ru
Sif Muna
Vehumet
Zin
The Shining One
Jiyva
Lugonu

Shops:
D:3 ?   D:6 [   Orc:2 (:(   Vaults:1 [?   Vaults:3 =   Vaults:4 =([!(
Vaults:5 ????!!!?   Depths:2 *

Portals:
Hell: Depths:1 Depths:2 Depths:3 Depths:4
Abyss: Lair:5 Depths:2 Depths:3
Pandemonium: Depths:2
Ziggurat: Depths:1


Message History

The black draconian knight is severely wounded.
The black draconian knight breathes lightning at you.
The bolt of lightning misses you.
The purple draconian shifter breathes dispelling energy at you.
The bolt of dispelling energy hits the black draconian knight!!
The black draconian knight's magical effects unravel!
The bolt of dispelling energy hits you!!
* * * LOW HITPOINT WARNING * * *
You slice the black draconian knight!!
You kill the black draconian knight!
You completely miss the purple draconian.
You block the purple draconian's attack.
Unknown command.
You slash the purple draconian!
The purple draconian is severely wounded.
Unknown command.
You slice the purple draconian!!
You kill the purple draconian!
Unknown command.
You slash the purple draconian shifter!
The purple draconian shifter is severely wounded.
You block the purple draconian shifter's attack.
You hit the purple draconian shifter.
The purple draconian shifter is severely wounded.
You block the purple draconian shifter's attack.
You hit the purple draconian shifter.
The purple draconian shifter is severely wounded.
The purple draconian shifter hits you with a +0 short sword.
* * * LOW HITPOINT WARNING * * *
You slash the purple draconian shifter!
The purple draconian shifter is severely wounded.
You closely miss the purple draconian shifter.
The purple draconian shifter is severely wounded.
You block the purple draconian shifter's attack.
You completely miss the purple draconian shifter.
The purple draconian shifter is severely wounded.
A ghost moth comes into view.
The purple draconian shifter breathes dispelling energy at you.
The bolt of dispelling energy hits you!!
You die...

....# ..#
#..# y.#
#..##..#
#......#
##.∩)...#
##..)##..#
##...## ..#
##.)q## ..#
##(.@## .##
##...## ##
##...##
##...##
##...##
##...##
#..#####.?.##
.dd..○.)..##
....q.d..##


You could see a purple draconian shifter (catching breath) and a ghost moth
(wandering, invisible).

Vanquished Creatures
  3 dread liches
  An ancient lich (Vaults:5)
  A juggernaut (Depths:4)
  Bai Suzhen (Shoals:4)
  A curse toe (Depths:4)
  Saint Roka (Vaults:4)
  3 golden dragons
  the Enchantress (Depths:2)
  Jorgrun (D:14)
  5 tentacled monstrosities
  3 quicksilver dragons
  3 liches
  2 titans
  Gastronok (Lair:2)
  Polyphemus (Shoals:4)
  6 sphinxes
  A death cob (Zot:1)
  Kirke (Spider:2)
  8 tengu reavers
  6 storm dragons
  2 shadow dragons
  A draconian monk (Depths:4)
  10 fire giants
  An azure jelly (shapeshifter) (Lair:5)
  A draconian knight (Zot:1)
  11 vault wardens
  An iron dragon (Depths:2)
  3 draconian scorchers
  6 frost giants
  6 emperor scorpions
  4 spriggan defenders
  An orc warlord (Vaults:4)
  4 ghost moths
  The ghost of SirDiesAlot the Markself, an adept DEIE of Gozag (Spider:2)
  4 war gargoyles
  A draconian stormcaller (Depths:4)
  11 stone giants
  6 ironbound thunderhulks
  16 ironbound preservers
  5 very ugly things
  A draconian annihilator (Depths:4)
  5 broodmothers
  2 vampire knights
  A deep elf demonologist (Vaults:1)
  2 yellow draconians (Depths:4)
  3 red draconians
  3 minotaurs (Shoals:4)
  A black draconian (Depths:4)
  2 deep elf annihilators
  2 white draconians (Depths:4)
  4 dire elephants (Vaults:1)
  7 purple draconians
  12 spark wasps
  An eidolon (Vaults:2)
  2 pale draconians (Depths:4)
  2 deep elf death magi (Vaults:5)
  9 merfolk impalers
  16 yaktaur captains
  A jiangshi (Vaults:2)
  6 fire dragons
  A great orb of eyes (shapeshifter) (Vaults:5)
  7 great orbs of eyes
  11 entropy weavers
  4 ettins
  Josephine (Orc:1)
  Harold (D:10)
  40 vault guards
  2 rakshasas
  The ghost of dufus the Nimble, a journeyman GnMo of Cheibriados (D:11)
  2 hell beasts (Depths:2)
  A jorogumo (Spider:1)
  14 ice dragons
  13 ironbound frosthearts
  4 hydras
  3 merfolk aquamancers
  3 radroaches
  3 catoblepae
  10 two-headed ogres
  A spriggan air mage (Depths:2)
  Erica (D:10)
  6 ogre magi
  7 boulder beetles
  2 merfolk avatars
  13 centaur warriors
  3 deep troll shamans (Depths:1)
  A tengu warrior (Depths:2)
  An orc high priest (Orc:1)
  3 thrashing horrors (Lair:5)
  5 death yaks
  2 spriggan berserkers
  6 deep troll earth magi
  8 satyrs (Shoals:4)
  Urug (Lair:1)
  A vampire mage (Depths:1)
  2 iron trolls (Depths:1)
  A soul eater (Depths:2)
  7 pharaoh ants
  A skyshark (Shoals:2)
  A goliath frog (shapeshifter) (Vaults:5)
  A quicksilver dragon simulacrum (Depths:2)
  7 sea snakes
  3 skeletal warriors (D:14)
  43 deep trolls
  2 sun moths
  2 flayed ghosts
  10 orb spiders
  A steelbarb worm (shapeshifter) (Vaults:5)
  4 glowing orange brains
  13 ironbound convokers
  A shadow demon (Depths:2)
  A lindwurm (shapeshifter) (Vaults:2)
  A phantasmal warrior (Vaults:4)
  9 harpies
  10 lindwurms
  Pikel (D:4)
  8 steelbarb worms
  A necromancer (Vaults:5)
  16 wizards
  3 deep elf pyromancers
  A mana viper (shapeshifter) (Vaults:5)
  4 orc knights
  19 wolf spiders
  15 manticores
  8 fauns
  32 ugly things
  13 elephants
  A manticore (shapeshifter) (Depths:3)
  7 moths of wrath
  2 moths of wrath (shapeshifter)
  8 cyclopes
  4 merfolk sirens
  2 smoke demons
  Joseph (D:8)
  3 water nymphs
  A rust devil (Depths:2)
  A guardian serpent (Vaults:3)
  2 ice statues (Depths:2)
  13 demonic crawlers
  7 black mambas
  An eye of devastation (Vaults:3)
  6 torpor snails
  2 gargoyles
  7 cane toads
  Maggie (D:10)
  26 vault sentinels
  4 rime drakes
  6 freezing wraiths
  An efreet (D:15)
  26 yaktaurs
  An ancient zyme (Lair:5)
  8 komodo dragons
  4 tengu conjurers
  20 merfolk
  A queen bee (shapeshifter) (D:15)
  15 trolls
  13 meliai
  Prince Ribbit (D:6)
  35 tarantellas
  4 wind drakes
  7 hornets
  18 blink frogs
  Grinder (D:5)
  19 culicivoras
  11 snapping turtles
  18 slime creatures
  4 dream sheep (Shoals:1)
  2 large abominations (Lair:5)
  A flying skull (Vaults:2)
  A centaur simulacrum (D:14)
  7 small abominations (Lair:5)
  2 ynoxinuls (Lair:5)
  27 jumping spiders
  5 wyverns
  5 wraiths
  10 spriggans
  13 water elementals
  A hog (shapeshifter) (Vaults:5)
  Grum (D:10)
  56 redbacks
  4 basilisks
  61 yaks
  3 chaos spawn
  A human (D:13)
  A neqoxec (Depths:2)
  5 hogs
  3 steam dragons
  14 vampire mosquitoes
  Menkaure (D:4)
  13 wargs
  Edmund (D:4)
  3 acid dragons (Depths:4)
  3 floating eyes
  Duvessa (D:5)
  7 water moccasins
  4 ice beasts
  24 orc warriors
  3 black bears
  A sky beast (D:8)
  18 wolves
  5 boggarts
  20 ogres
  2 centaurs
  4 kobold brigands
  15 bullfrogs
  Blork the orc (D:4)
  The ghost of nononono the Grave Robber, an amateur VSNe (D:6)
  3 gnoll sergeants (D:6)
  5 necrophages (Lair:3)
  4 scorpions
  Dowan (D:5)
  9 killer bees (D:9)
  7 electric eels
  8 howler monkeys
  A quasit (D:5)
  10 jellies
  12 orc priests
  3 hounds
  Crazy Yiuf (D:4)
  2 gnoll boudas
  3 iguanas
  Ijyb (D:5)
  7 hell rats (Lair:3)
  20 orc wizards
  11 gnolls (D:6)
  8 adders
  2 river rats (Sewer)
  5 white imps
  An ufetubus (D:5)
  A worm (D:5)
  A worm (shapeshifter) (Vaults:3)
  A dart slug (D:2)
  88 orcs
  7 ball pythons
  17 endoplasms
  4 giant cockroaches
  6 hobgoblins
  8 jackals
  A kobold (shapeshifter) (Vaults:5)
  5 quokkas
  5 bats
  7 frilled lizards
  3 goblins
  26 kobolds
  10 rats
  A bush (D:11)
1627 creatures vanquished.

Vanquished Creatures (collateral kills)
  2 caustic shrikes (Depths:2)
  Rupert (D:13)
  A tengu reaver (Vaults:2)
  Ilsuiw (Shoals:2)
  A fire giant (Depths:1)
  2 vault wardens
  A war gargoyle (Vaults:3)
  A dire elephant (D:15)
  A merfolk javelineer (Depths:1)
  An ettin (Vaults:2)
  2 merfolk impalers
  A yaktaur captain (Vaults:2)
  A boulder beetle (Vaults:2)
  3 hydras
  A merfolk avatar (Shoals:4)
  3 death yaks (Lair:5)
  A satyr (Shoals:4)
  A deep troll (Vaults:3)
  3 lindwurms (Vaults:2)
  A wizard (Vaults:2)
  A wolf spider (Spider:1)
  2 manticores (Shoals:4)
  A salamander (D:15)
  A vault sentinel (Vaults:1)
  A cane toad (Lair:5)
  A torpor snail (Spider:1)
  A yaktaur (Vaults:3)
  An ancient zyme (Lair:5)
  2 meliai (Spider:1)
  2 tarantellas (Spider:1)
  A blink frog (Lair:5)
  A culicivora (Spider:1)
  A spriggan (Lair:5)
  3 redbacks (Spider:1)
  3 small abominations (Lair:5)
  A kobold (D:15)
52 creatures vanquished.

Vanquished Creatures (others)
  An ironbound preserver (Vaults:3)
  A blizzard demon (Depths:2)
  A torpor snail (Spider:3)
  A human (Spider:3)
  A steam dragon (Depths:4)
  An orc (Vaults:5)
  A bush (D:11)
  4 demonic plants (D:5)
  A fire vortex (D:14)
  27 fungi
  65 plants
104 creatures vanquished.

Grand Total: 1783 creatures vanquished

Notes
Turn   | Place    | Note
-------+----------+-------------------------------------------
     0 | D:1      | BubbleThief the Hill Orc Fighter began the quest for the
                  | Orb.
     0 | D:1      | Reached XP level 1. HP: 19/19 MP: 1/1
   124 | D:1      | Reached skill level 3 in Axes
   142 | D:1      | Reached XP level 2. HP: 27/27 MP: 2/2
   914 | D:2      | Reached XP level 3. HP: 33/33 MP: 3/3
   968 | D:2      | Reached skill level 4 in Axes
  1453 | D:3      | Reached XP level 4. HP: 41/41 MP: 4/4
  1592 | D:3      | Found Rozy's Magic Scroll Shop.
  1616 | D:3      | Bought a scroll of blinking for 90 gold pieces
  1616 | D:3      | Bought a scroll of teleportation for 36 gold pieces
  1645 | D:3      | Reached skill level 5 in Axes
  1862 | D:4      | Noticed an ice beast
  1881 | D:4      | Killed an ice beast
  1882 | D:4      | Reached skill level 5 in Fighting
  1882 | D:4      | Reached skill level 6 in Axes
  1882 | D:4      | Reached XP level 5. HP: 41/48 MP: 5/5
  1927 | D:4      | Found a radiant altar of Vehumet.
  1988 | D:4      | Identified the +1 short sword of Greatest Utility {heavy,
                  | *Slow rPois rF+ Int+3}
  2075 | D:4      | Found a glowing golden altar of the Shining One.
  2089 | D:4      | Became a worshipper of the Shining One
  2246 | D:4      | Reached XP level 6. HP: 54/56 MP: 6/6
  2272 | D:4      | Noticed Pikel
  2300 | D:4      | Killed Pikel
  2301 | D:4      | Reached skill level 9 in Axes
  2301 | D:4      | Reached XP level 7. HP: 19/64 MP: 7/7
  2551 | D:4      | Found a runed translucent door.
  2552 | D:4      | Noticed Crazy Yiuf
  2621 | D:4      | Noticed Edmund
  2724 | D:4      | Noticed Menkaure
  2730 | D:4      | Killed Menkaure
  2731 | D:4      | Reached XP level 8. HP: 49/73 MP: 8/8
  2901 | D:4      | Noticed Blork the orc
  2914 | D:4      | Killed Blork the orc
  2915 | D:4      | Found a hazy altar of Hepliaklqana.
  2964 | D:4      | Found a faded altar of an unknown god.
  3003 | D:4      | Killed Edmund
  3004 | D:4      | Reached skill level 10 in Axes
  3195 | D:4      | Killed Crazy Yiuf
  3228 | D:5      | Entered Level 5 of the Dungeon
  3340 | D:5      | Noticed Dowan
  3341 | D:5      | Noticed Duvessa
  3348 | D:5      | Noticed Ijyb
  3548 | D:5      | Killed Duvessa
  3548 | D:5      | Killed Dowan
  3549 | D:5      | Reached skill level 11 in Axes
  3551 | D:5      | Killed Ijyb
  3561 | D:5      | Found a glowing drain.
  3570 | Sewer    | Entered a sewer
  3709 | Sewer    | Found a viscous altar of Jiyva.
  3977 | D:5      | Reached * piety under the Shining One
  4026 | D:5      | Noticed Grinder
  4043 | D:5      | Killed Grinder
  4044 | D:5      | Reached skill level 12 in Axes
  4044 | D:5      | Reached XP level 9. HP: 80/82 MP: 9/9
  4325 | D:5      | Reached skill level 13 in Axes
  4465 | D:5      | Found a broken altar of Ashenzari.
  4503 | D:5      | Found a sacrificial altar of Ru.
  4654 | D:5      | Found a stormy altar of Qazlal.
  4654 | D:5      | Found a shimmering blue altar of Sif Muna.
  4776 | D:5      | Found the +1 Delatra's gloves {ID++}
  5085 | D:6      | Found Daosasm's Antique Armour Shoppe.
  5128 | D:6      | Found a burning altar of Makhleb.
  5299 | D:6      | Found a staircase to the Ecumenical Temple.
  5344 | D:6      | Found a transporter.
  5351 | D:6      | Identified the +9 spear "Vaufra" {chaos, Str+4}
  5351 | D:6      | Identified the +0 buckler of the Beginning {rC+}
  5355 | D:6      | Found a transporter.
  5408 | D:6      | Reached skill level 14 in Axes
  5436 | D:6      | Reached skill level 10 in Fighting
  5509 | D:6      | Reached ** piety under the Shining One
  5657 | D:6      | Noticed Prince Ribbit
  5663 | D:6      | Killed Prince Ribbit
  5763 | D:7      | Found a glowing silver altar of Zin.
  5767 | D:7      | Reached XP level 10. HP: 79/93 MP: 10/10
  5880 | D:7      | Reached skill level 15 in Axes
  6032 | D:7      | Found an iron altar of Okawaru.
  6153 | D:7      | Found a white marble altar of Elyvilon.
  6471 | D:8      | Noticed Joseph
  6498 | D:8      | Killed Joseph
  7007 | D:8      | Reached skill level 5 in Armour
  7014 | D:8      | Reached skill level 5 in Shields
  7399 | D:9      | Reached XP level 11. HP: 77/104 MP: 11/11
  8032 | D:9      | Found a sparkling altar of Nemelex Xobeh.
  8274 | D:10     | Entered Level 10 of the Dungeon
  8299 | D:10     | Noticed Erica
  8327 | D:10     | Killed Erica
  8434 | D:10     | Found a staircase to the Lair.
  8578 | D:10     | Noticed Maggie
  8595 | D:10     | Killed Maggie
  8634 | D:10     | Reached *** piety under the Shining One
  8720 | D:10     | Found a staircase to the Orcish Mines.
  8835 | D:10     | Noticed Grum
  8849 | D:10     | Killed Grum
  9059 | D:10     | Noticed Harold
  9074 | D:10     | Killed Harold
  9581 | Lair:1   | Entered Level 1 of the Lair of Beasts
  9715 | Lair:1   | Reached XP level 12. HP: 113/115 MP: 12/12
 10135 | Lair:1   | Noticed a four-headed hydra
 10144 | Lair:1   | Killed a four-headed hydra
 10150 | Lair:1   | Found a glowing silver altar of Zin.
 10723 | Lair:1   | Noticed Urug
 10759 | Lair:1   | Killed Urug
 11129 | Lair:2   | Found a hole to the Spider Nest.
 11269 | Lair:2   | Reached skill level 10 in Armour
 11305 | Lair:2   | Reached skill level 10 in Shields
 11910 | Lair:2   | Noticed Gastronok
 11930 | Lair:2   | Killed Gastronok
 11931 | Lair:2   | Reached skill level 15 in Fighting
 12152 | Lair:2   | Noticed a catoblepas
 12189 | Lair:2   | Killed a catoblepas
 12190 | Lair:2   | Reached XP level 13. HP: 81/126 MP: 13/13
 12347 | Lair:2   | Found a staircase to the Shoals.
 13288 | Lair:3   | Reached **** piety under the Shining One
 14027 | Lair:3   | Identified a scroll of acquirement
 14027 | Lair:3   | Acquired the +4 consecrated labrys {holy, Valiant Fragile
                  | Fly SInv}
 14027 | Lair:3   | Found the +4 consecrated labrys {holy, Valiant Fragile Fly
                  | SInv}
 14153 | Lair:4   | Identified the +5 rapier "Barom" {flame, rElec rF+}
 14664 | Lair:4   | Reached skill level 16 in Axes
 14841 | Lair:4   | Found a staircase to the Slime Pits.
 15150 | Lair:5   | Entered Level 5 of the Lair of Beasts
 15502 | Lair:5   | Reached ***** piety under the Shining One
 15522 | Lair:5   | Reached skill level 17 in Axes
 15840 | Lair:5   | Reached XP level 14. HP: 118/136 MP: 14/14
 16215 | D:11     | Reached skill level 18 in Axes
 16216 | D:11     | Reached skill level 1 in Invocations
 16415 | D:11     | Reached skill level 5 in Invocations
 16418 | D:11     | Identified the +2 plate armour of Meusoz {Contam Dex+3}
 16776 | D:11     | Found a runed translucent gate.
 16776 | D:11     | Found a runed translucent gate.
 16776 | D:11     | Noticed dufus's ghost (journeyman GnMo)
 16777 | D:11     | Found a runed translucent gate.
 16952 | D:11     | Found a viscous altar of Jiyva.
 18821 | D:13     | Noticed Rupert
 18824 | D:13     | Paralysed by Rupert for 2 turns
 18828 | D:13     | Killed Rupert
 18986 | D:13     | Reached skill level 10 in Invocations
 19241 | D:13     | Found a gate to the Vaults.
 19649 | D:14     | Noticed Jorgrun
 19670 | D:14     | Killed Jorgrun
 19912 | D:14     | You are sucked into a shaft and drop 1 floor!
 19912 | D:15     | Entered Level 15 of the Dungeon
 19941 | D:15     | Reached XP level 15. HP: 117/143 MP: 25/25
 20765 | D:15     | Found a staircase to the Depths.
 21872 | D:11     | Killed dufus's ghost
 22354 | D:6      | Noticed nononono's ghost (amateur VSNe)
 22368 | D:6      | Killed nononono's ghost
 22557 | Orc:1    | Entered Level 1 of the Orcish Mines
 22568 | Orc:1    | Noticed Josephine
 22580 | Orc:1    | Killed Josephine
 22853 | Orc:2    | Entered Level 2 of the Orcish Mines
 22853 | Orc:2    | Found a staircase to the Elven Halls.
 22853 | Orc:2    | Found Nexzamy's Book Boutique.
 22863 | Orc:2    | Reached ****** piety under the Shining One
 23311 | Orc:2    | Reached skill level 15 in Invocations
 23687 | Orc:2    | Found Mumur's Antique Weapon Shop.
 23693 | Orc:2    | Found Judoho's Antique Weapon Emporium.
 23710 | Orc:2    | Found Moromn's Assorted Antiques.
 24464 | Lair:5   | Reached XP level 16. HP: 144/155 MP: 27/27
 24630 | Lair:5   | Noticed a quicksilver dragon
 24631 | Lair:5   | a quicksilver dragon changed into an azure jelly
 24631 | Lair:5   | Noticed an azure jelly (shapeshifter)
 24639 | Lair:5   | Killed an azure jelly
 24958 | Lair:5   | Found a corrupted altar of Lugonu.
 24958 | Lair:5   | Found a one-way gate to the infinite horrors of the Abyss.
 24966 | Lair:5   | Identified the staff of poison "Niqaujivvust" {rPois SInv}
 25293 | Shoals:1 | Entered Level 1 of the Shoals
 25471 | Shoals:1 | Acquired a manual of Armour
 25976 | Shoals:1 | Reached skill level 15 in Shields
 26995 | Shoals:2 | Noticed Ilsuiw
 27012 | Shoals:2 | Killed Ilsuiw
 27019 | Shoals:2 | Reached skill level 15 in Armour
 29900 | Shoals:4 | Entered Level 4 of the Shoals
 30105 | Shoals:4 | Reached XP level 17. HP: 106/163 MP: 28/28
 30318 | Shoals:4 | Noticed Polyphemus
 30332 | Shoals:4 | Killed Polyphemus
 30917 | Shoals:4 | Noticed a sphinx
 30935 | Shoals:4 | Killed a sphinx
 31356 | Shoals:4 | Noticed Bai Suzhen
 31366 | Shoals:4 | Killed Bai Suzhen
 32399 | Shoals:4 | Got a barnacled rune of Zot
 32401 | Shoals:4 | Identified the +5 great sword "Grim Tooth" {freeze,
                  | *Corrode +Blink Will+ Str+3}
 32877 | Vaults:1 | Entered Level 1 of the Vaults
 33129 | Vaults:1 | Found Fylidgh's Magic Scroll Shop.
 33280 | Vaults:1 | Bought a scroll of teleportation for 60 gold pieces
 33280 | Vaults:1 | Bought a scroll of enchant armour for 150 gold pieces
 33280 | Vaults:1 | Bought a scroll of teleportation for 60 gold pieces
 33280 | Vaults:1 | Bought a scroll of blinking for 150 gold pieces
 33545 | Vaults:1 | Noticed a Brimstone Fiend
 33574 | Vaults:1 | Noticed a sphinx
 33580 | Vaults:1 | Killed a sphinx
 33581 | Vaults:1 | Reached skill level 19 in Axes
 33690 | Vaults:1 | Found Padwemp's Armour Shop.
 33759 | Vaults:1 | Bought a +2 plate armour of poison resistance for 444 gold
                  | pieces
 33759 | Vaults:1 | Bought a +0 pair of gloves of strength for 138 gold pieces
 33980 | Vaults:1 | Reached XP level 18. HP: 175/176 MP: 29/29
 35147 | Spider:1 | Entered Level 1 of the Spider Nest
 36259 | Spider:1 | Reached skill level 20 in Axes
 36909 | Spider:2 | Found a runed translucent door.
 36909 | Spider:2 | Noticed SirDiesAlot's ghost (adept DEIE)
 38282 | Spider:2 | Identified the +6 ring mail of Gahon {Fly Will- Str+5
                  | Dex+3}
 38401 | Spider:2 | Killed SirDiesAlot's ghost
 38724 | Spider:3 | Noticed Kirke
 38735 | Spider:2 | Reached XP level 19. HP: 152/187 MP: 30/30
 38897 | Spider:2 | Killed Kirke
 38898 | Spider:2 | Reached skill level 21 in Axes
 39609 | Spider:4 | Entered Level 4 of the Spider Nest
 39827 | Spider:4 | Reached XP level 20. HP: 195/195 MP: 31/31
 40741 | Spider:4 | Got a gossamer rune of Zot
 41699 | Vaults:2 | Reached skill level 22 in Axes
 41939 | Vaults:2 | Found a staircase to the Crypt.
 43005 | Vaults:2 | Reached XP level 21. HP: 207/207 MP: 32/32
 43375 | Vaults:3 | Found Natt's Jewellery Boutique.
 43385 | Vaults:3 | Bought a ring of willpower for 425 gold pieces
 43419 | Vaults:3 | Reached skill level 23 in Axes
 45718 | Vaults:3 | Identified the staff of earth "Wataklerch" {Int+6 Dex-3}
 46046 | Vaults:4 | Reached skill level 24 in Axes
 46057 | Vaults:4 | Found Fysutid's Jewellery Boutique.
 46193 | Vaults:4 | Found Miojes's Antique Weapon Shop.
 46847 | Vaults:4 | Reached XP level 22. HP: 220/220 MP: 33/33
 47290 | Vaults:4 | Found Soofu's Distillery.
 47300 | Vaults:4 | Bought a potion of curing for 60 gold pieces
 47300 | Vaults:4 | Bought a potion of haste for 200 gold pieces
 47300 | Vaults:4 | Bought a potion of might for 80 gold pieces
 47300 | Vaults:4 | Bought a potion of haste for 200 gold pieces
 47300 | Vaults:4 | Bought a potion of curing for 60 gold pieces
 47300 | Vaults:4 | Bought a potion of haste for 200 gold pieces
 47300 | Vaults:4 | Bought a potion of might for 80 gold pieces
 47303 | Vaults:4 | Found Daph's Antique Armour Boutique.
 47308 | Vaults:4 | Bought a pair of slimy gloves for 456 gold pieces
 47308 | Vaults:4 | Identified the +2 pair of gloves of the Armadillo {Drain
                  | rF+ Will++ Dex+2} (You bought it in a shop on level 4 of
                  | the Vaults)
 47353 | Vaults:4 | Bought the ring "Sigec" {rN+++ rCorr Str+5 Stlth-} for 799
                  | gold pieces
 47490 | Vaults:4 | Found Quxzyssi's Antique Weapon Shop.
 47774 | Depths:1 | Entered Level 1 of the Depths
 48094 | Depths:1 | Found a one-way gateway to a ziggurat.
 48330 | Depths:1 | Identified the +4 chain mail of Resourcefulness {+Inv
                  | Dex+3}
 48513 | Depths:1 | Found a glowing silver altar of Zin.
 48685 | Depths:1 | Found a gateway to Hell.
 49202 | Depths:2 | Noticed a caustic shrike
 49202 | Depths:2 | Noticed a caustic shrike
 49219 | Depths:2 | Killed a caustic shrike
 49221 | Depths:2 | Killed a caustic shrike
 49429 | Depths:2 | Found an ancient bone altar of Kikubaaqudgha.
 49446 | Depths:2 | Got Isaefisu's Tome of Ignition
 49583 | Depths:2 | Reached skill level 25 in Axes
 49807 | Depths:2 | Found Gajoill's Assorted Antiques.
 49807 | Depths:2 | Noticed the Enchantress
 49849 | Depths:2 | Killed the Enchantress
 49867 | Depths:2 | Bought a potion of curing for 90 gold pieces
 49867 | Depths:2 | Bought a potion of haste for 300 gold pieces
 49867 | Depths:2 | Bought a scratched bone ring for 150 gold pieces
 50405 | Depths:2 | Found a one-way gate leading to the halls of Pandemonium.
 50641 | Depths:2 | Noticed a dread lich
 50686 | Depths:2 | Killed a dread lich
 51353 | Depths:1 | Fell from the grace of the Shining One
 51353 | Depths:1 | Became a worshipper of Zin the Law-Giver
 51353 | Depths:1 | Reached * piety under Zin
 51353 | Depths:1 | Reached ** piety under Zin
 51353 | Depths:1 | Reached *** piety under Zin
 51353 | Depths:1 | Reached **** piety under Zin
 51353 | Depths:1 | Reached ***** piety under Zin
 52125 | Depths:3 | Reached XP level 23. HP: 188/232 MP: 34/34
 53029 | Depths:4 | Entered Level 4 of the Depths
 53079 | Depths:4 | Found a radiant altar of Vehumet.
 53320 | Depths:4 | Paralysed by a floating eye for 4 turns
 53749 | Depths:4 | Noticed a juggernaut
 53762 | Depths:4 | Killed a juggernaut
 54634 | Depths:4 | Noticed a golden dragon
 54644 | Depths:4 | Killed a golden dragon
 54696 | Depths:4 | Found a gate to the Realm of Zot.
 55184 | Vaults:5 | Entered Level 5 of the Vaults
 55300 | Vaults:5 | Noticed Saint Roka
 55306 | Vaults:5 | Reached skill level 26 in Axes
 55622 | Vaults:5 | Noticed a dread lich
 55849 | Vaults:4 | Killed a dread lich
 56245 | Vaults:4 | Killed Saint Roka
 57551 | Vaults:5 | Noticed a golden dragon
 57559 | Vaults:5 | Killed a golden dragon
 57560 | Vaults:5 | Reached XP level 24. HP: 211/243 MP: 35/35
 57684 | Vaults:5 | Reached ****** piety under Zin
 57708 | Vaults:5 | Identified the +6 sling of the Three Dances {flame, rElec
                  | rN+ Str-4 Int+5}
 57735 | Vaults:5 | Found Fufreaceca's Magic Scroll Shoppe.
 57740 | Vaults:5 | Noticed an ancient lich
 57747 | Vaults:5 | Killed an ancient lich
 57764 | Vaults:5 | Noticed a dread lich
 57775 | Vaults:5 | Killed a dread lich
 57869 | Vaults:5 | Identified the +7 trident "Mirreenk" {freeze, Will+}
 57926 | Vaults:5 | Bought a scroll of teleportation for 45 gold pieces
 57926 | Vaults:5 | Bought a scroll of teleportation for 45 gold pieces
 57926 | Vaults:5 | Bought a scroll of teleportation for 45 gold pieces
 58232 | Vaults:5 | Found Nuythih's Magic Scroll Boutique.
 58232 | Vaults:5 | Found Mozuvih's Magic Scroll Emporium.
 58237 | Vaults:5 | Bought a scroll of teleportation for 57 gold pieces
 58244 | Vaults:5 | Bought a scroll of teleportation for 45 gold pieces
 58265 | Vaults:5 | Found Offavu's Distillery.
 58265 | Vaults:5 | Found Ecwax's Distillery.
 58271 | Vaults:5 | Bought 2 potions of curing for 126 gold pieces
 58271 | Vaults:5 | Bought a potion of heal wounds for 105 gold pieces
 58271 | Vaults:5 | Bought a potion of resistance for 210 gold pieces
 58271 | Vaults:5 | Bought a potion of curing for 63 gold pieces
 58271 | Vaults:5 | Bought a potion of berserk rage for 105 gold pieces
 58278 | Vaults:5 | Bought a potion of curing for 72 gold pieces
 58278 | Vaults:5 | Bought a potion of might for 96 gold pieces
 58569 | Vaults:5 | Identified the ring of Biywu {Fly rF+ Will+}
 58926 | Vaults:5 | Identified the +7 morningstar of Xiankawn {flame, Dex+4}
 58932 | Vaults:5 | Found Rees's Magic Scroll Shoppe.
 59097 | Vaults:5 | Found Afuge's Distillery.
 59097 | Vaults:5 | Found Qaimn's Magic Scroll Shoppe.
 59102 | Vaults:5 | Bought a potion of haste for 200 gold pieces
 59116 | Vaults:5 | Got a silver rune of Zot
 59207 | Vaults:5 | Got the Anthology of Permutations and Incandescence
 59209 | Vaults:5 | Got Sif Muna's Meditations on the Blaze and Air
 59659 | Zot:1    | Entered Level 1 of the Realm of Zot
 59691 | Zot:1    | Noticed a curse toe
 59703 | Depths:4 | Killed a curse toe
 60552 | Zot:1    | Killed from afar by a purple draconian shifter

Illustrated notes

Levels and vault maps discovered:
D:1:      dpeg_arrival_boxorama, layout_basic, minmay_lizard_king
D:2:      layout_basic
D:3:      layout_rooms, serial_shops, shop, wad_floor_pattern_2
D:4:      layout_gridville, nicolae_overflow_crystal_walls,
          beargit_hepliaklqana_dungeon_heroes, overflow_temple_1_default,
          serial_glass, glass_columns_a, glass_columns_a, uniq_menkaure,
          uniq_crazy_yiuf_cottage, uniq_pikel, uniq_edmund
D:5:      layout_loops_cross, nicolae_ru_the_path_less_chosen,
          gammafunk_temple_overflow_elements, cheibrodos_ashenzari_chains,
          serial_demonic, serial_demonic_c, serial_demonic_c, serial_demonic_c,
          serial_demonic_f, cheibrodos_sewer_entry_sluice,
          pf_guarded_unrand_delatra, uniq_ijyb, uniq_grinder, uniq_duvessa
D:6:      layout_loops_ring, old_standard_altar,
          minmay_temple_entry_drinking_statues, serial_shops, shop,
          gammafunk_ghost_gnarly_gnolls, kennysheep_generic_room_15,
          uniq_prince_ribbit1, uniq_blork_the_orc
D:7:      layout_cave_pools, mainiacjoe_overflow_boulevard,
          mainiacjoe_overflow_cross_hatched, amcnicky_altar_gilded,
          glass_columns_a
D:8:      layout_rooms, uniq_joseph
D:9:      layout_irregular_city, nemelex_altar_shiori, dreamdust_gnoll_shepherd
D:10:     layout_loops_ring, david_lair_generic, hiddenorc1_lemuel,
          minivault_25, uniq_harold, uniq_erica, uniq_maggie, uniq_grum
D:11:     layout_loops_ring, gammafunk_ghost_ooze, minmay_fountain_box,
          minmay_hedge_maze
D:12:     layout_basic
D:13:     layout_rooms, grunt_vaults_entry_fortified, uniq_rupert
D:14:     layout_loops_ring, minmay_misc_feat_enclosed,
          kennysheep_generic_room_4, uniq_jorgrun
D:15:     hangedman_depths_entry_try_elsewhere_first, layout_cave_pods,
          chequers_serial_rivers_micro_b, minmay_unpleasant_kobolds
Lair:1:   layout_chaotic_city, basic_altar, chequers_serial_rivers_micro_d,
          chequers_serial_rivers_marsh, lemuel_fruit_tree, uniq_urug
Lair:2:   beast_lair_carwin_large_1, layout_layer_cave,
          elwin_shoals_entry_stream, spider_nest_entry_a, patterned_corridor,
          uniq_gastronok
Lair:3:   layout_misc_corridors, roderic_carrion_pond
Lair:4:   layout_cave_pods, dpeg_slime_entry_corner
Lair:5:   hellmonk_lair_end_abyssal_woods, layout_regular_city,
          grunt_megastairs_4
Shoals:1: layout_shoals, abandoned_shop, nicolae_shoals_lost_giant_pillars
Shoals:2: layout_shoals, nicolae_shoals_lost_giant_amphitheater, uniq_ilsuiw
Shoals:3: layout_shoals
Shoals:4: shoals_end_hellmonk_lost_city, serial_shops, uniq_polyphemus,
          uniq_bai_suzhen
Spider:1: layout_spider_delve
Spider:2: layout_spider_delve, hellmonk_ghost_happy_afterlife,
          nicolae_spider_circle_web
Spider:3: layout_spider_delve, nicolae_spider_cling_halls, uniq_kirke
Spider:4: guppyfry_spider_rune
Orc:1:    layout_caves, mines5_lemuel, uniq_josephine
Orc:2:    st_orc_open, layout_caves, nooodl_orcs_dogs
Vaults:1: nicolae_vaults_gold_heap, hangedman_vaults_hat, v_pattern_3,
          nicolae_vaults_circle_grid_a, nicolae_vaults_alarming,
          dpeg_vaults_monster_box, vaults_room_stairs_pillars,
          vaults_dpeg_emergency_exit, layout_vaults_omnigrid, serial_shops, shop
Vaults:2: nicolae_vaults_twisting_passages, st_eye, hangedman_vaults_capsules,
          minmay_crypt_entry_simple_statues, v_pattern_1, v_misc_8,
          serial_ice_g, ontoclasm_vaults_fault, vaults_dpeg_doors,
          layout_vaults_maze_snakey
Vaults:3: st_greater_box_5, v_misc_4, nicolae_vaults_angled_halls,
          hangedman_vaults_impose, grunt_vaults_twisty, v_misc_27,
          nicolae_vaults_yaktaur_gun_rack, v_misc_24,
          nicolae_vaults_ring_of_whatevers, nicolae_vaults_mini_display_case,
          layout_vaults_big_room, serial_shops, nicolae_shop_tiny_statue_garden
Vaults:4: vaults_standard_mumra_lines, ontoclasm_vaults_misaligned,
          nicolae_vaults_little_ls, nicolae_vaults_little_squares_4,
          nicolae_vaults_little_squares_5, vaults_dpeg_hooks,
          ontoclasm_vaults_claustrophobia, v_misc_23,
          nicolae_vaults_windows_and_doors_thing, hangedman_vaults_nails,
          grunt_vaults_focal, v_misc_33, layout_vaults_ring, serial_shops,
          nicolae_shop_stone, nicolae_shop_tiny_statue_garden, shop, shop,
          nicolae_shop_rolling_square
Vaults:5: serial_shops, uniq_saint_roka
Depths:1: layout_cave_pools, enter_ziggurat_b, pf_vacation_house_of_asmodeus,
          nrook_pool_corridor, minivault_22, zin_treasury
Depths:2: cheibrodos_cascadia, layout_gridlike, serial_shops, shop,
          grunt_mini_vestibule, rand_demon_pan_entry_4, serial_corexii_hall,
          corexii_hall_statues_x, chequers_hall_statues_wall_a, abyss_entry,
          argonaut_fire_from_heaven, minmay_staircase_windowed_small,
          uniq_enchantress
Depths:3: minmay_distorted_concentric_squares, layout_basic, abyss_entry,
          reono_crystal_passage, hell_entry, kennysheep_small_square
Depths:4: evilmike_zot_entry_gauntlet, layout_gridlike, hell_entry,
          interstate_on_off, hangedman_decor_riveting, dk_noncrumbling_2,
          nicolae_vehumet_altar_sigil
Zot:1:    layout_concentric_octagons

Skill      XL: |  1  2  3  4  5  6  7  8  9 10 11 12 13 14 15 16 17 18 19 20 21 22 23 24 |
---------------+-------------------------------------------------------------------------+-----
Axes           | 3 4 6 9 12 14 15 17 18 19 20 21 22 24 25 26 | 26.7
Fighting       | 4 5 6 7 8 10 11 13 15 17 18 19 20 22 23 24 25 | 25.6
Armour         | 6 8 10 11 13 16 19 21 22 23 24 25 | 25.3
Shields        | 6 8 10 11 13 17 18 19 | 19.9
Invocations    | 13 15 17 | 17.7

Action                     |  1- 3 |  4- 6 |  7- 9 | 10-12 | 13-15 | 16-18 | 19-21 | 22-24 || total
---------------------------+-------+-------+-------+-------+-------+-------+-------+-------++-------
  Melee: War axe           |    83 |   105 |   286 |    35 |       |       |       |       ||   509
         Hand axe          |       |       |       |   744 |   221 |       |       |       ||   965
         Labrys            |       |       |       |       |   724 |  1076 |   824 |  1103 ||  3727
         Unarmed           |       |       |       |       |     5 |       |       |       ||     5
 Invoke: Divine Shield     |       |       |       |     1 |     1 |     5 |     3 |     2 ||    12
         Summon Divine War |       |       |       |       |     4 |     8 |     3 |     2 ||    17
         Recite            |       |       |       |       |       |       |       |     2 ||     2
         Vitalisation      |       |       |       |       |       |       |       |     1 ||     1
  Evoke: Wand              |       |       |       |     8 |     4 |       |       |     2 ||    14
         Condenser vane    |       |       |       |     1 |     2 |       |       |       ||     3
    Use: Scroll            |       |       |     8 |    10 |    10 |     5 |     1 |     1 ||    35
         Potion            |       |       |       |       |       |     4 |     2 |     1 ||     7
   Stab: Distracted        |       |       |       |       |       |       |       |     1 ||     1
         Confused          |       |       |       |       |       |       |       |     3 ||     3
 Armour: Scale mail        |    40 |    42 |    64 |    25 |       |       |       |       ||   171
         Plate armour      |       |       |       |   151 |       |   262 |   384 |   512 ||  1309
         Chain mail        |       |       |       |    68 |   319 |   243 |       |       ||   630
  Dodge: Dodged            |    35 |    37 |    76 |   151 |   225 |   323 |   216 |   203 ||  1266
  Block: Buckler           |    16 |    30 |   105 |   247 |   393 |   671 |   451 |    12 ||  1925
         Reflection        |       |       |     3 |     4 |    23 |    46 |    29 |    44 ||   149
         Tower shield      |       |       |       |       |       |       |       |  1167 ||  1167

Table legend: (Time is in decaauts)
 A = Elapsed time spent in this place.
 B = Non-inter-level travel time spent in this place.
 C = Inter-level travel time spent in this place.
 D = Time resting spent in this place.
 E = Time spent auto-exploring this place.
 F = Levels seen in this place.
 G = Mean time per level.
                   A        B        C        D        E       F      G
               +--------+--------+--------+--------+--------+-----+--------+
         Total |  59473 |  55344 |   4129 |   9251 |  37025 |  41 | 1450.6 |
       Dungeon |  16430 |  14774 |   1656 |    665 |  11681 |  15 | 1095.3 |
          Lair |   7784 |   7211 |    573 |    836 |   5271 |   5 | 1556.8 |
        Shoals |   7250 |   7113 |    137 |   2160 |   4060 |   4 | 1812.5 |
   Spider Nest |   5870 |   5649 |    221 |    859 |   3772 |   4 | 1467.5 |
  Orcish Mines |   1566 |   1480 |     86 |    599 |    597 |   2 |  783.0 |
        Vaults |  12250 |  11482 |    768 |   3107 |   6333 |   5 | 2450.0 |
        Depths |   7793 |   7110 |    683 |   1025 |   5016 |   4 | 1948.2 |
           Zot |    107 |    107 |      0 |      0 |     11 |   1 |  107.0 |
         Sewer |    418 |    418 |      0 |      0 |    284 |   1 |  418.0 |
               +--------+--------+--------+--------+--------+-----+--------+

Top non-repeatable levels by time:
Vaults:4: 3736 daAuts
Depths:4: 2684 daAuts
Depths:2: 2622 daAuts
Vaults:3: 2465 daAuts
Vaults:1: 2447 daAuts
  Lair:2: 2439 daAuts
Spider:2: 2405 daAuts
Shoals:4: 2243 daAuts
Shoals:3: 1974 daAuts
Shoals:2: 1826 daAuts
Vaults:5: 1811 daAuts
Vaults:2: 1790 daAuts
  Lair:1: 1679 daAuts
    D:15: 1673 daAuts
     D:4: 1653 daAuts
